 Dungeon Crawl Stone Soup version 0.31.0-4-g52a2dc7128 (console) character file.

Game seed: 10522746774806300678

792 AlterAsc the Changeling (level 7, -4/36 HPs)
             Began as a Spriggan Shapeshifter on Jan 21, 2024.
             Blown up by Ijyb (15 damage)
             ... with a mindburst bolt
             ... on level 5 of the Dungeon.
             The game lasted 00:22:11 (6244 turns).

AlterAsc the Changeling (Spriggan Shapeshifter)     Turns: 6244, Time: 00:22:12

Health: -4/36      AC:  2    Str: 10    XL:     7   Next: 57%
Magic:  8/8        EV: 19    Int: 12    God:
Gold:   263        SH:  0    Dex: 16    Spells: 4/6 levels left

rFire   . .          .
                       - Unarmed
rCold   . . .        (no shield)
rNeg    . . .        a - +0 animal skin
rPois   .            (helmet currently unavailable)
rElec   .            (cloak currently unavailable)
rCorr   .            (gloves unavailable)
SInv    +            (boots unavailable)
Will    +....        v - amulet of the acrobat
Stlth   +            n - ring of wizardry
HPRegen 0.26/turn    (no ring)
MPRegen 0.11/turn

%: acrobat, wizardry (x1)
@: beast-form, very quick
A: beast (slay +3), very small, no large weapons, unfitting armour, see
invisible, speed 3
a: Begin Untransformation


You were on level 5 of the Dungeon.
You were a hulking beast.
You visited 1 branch of the dungeon, and saw 5 of its levels.
You also visited: Sewer.

You collected 296 gold pieces.
You spent 33 gold pieces at shops.

Inventory:

Hand Weapons
 w - a +3 falchion of holy wrath
Missiles
 f - 24 stones (quivered)
 i - 2 boomerangs
Armour
 a - a +0 animal skin (worn)
 m - +0 fire dragon scales
 s - a scarf of invisibility
 z - a +0 robe
Magical Staves
 r - a staff of alchemy
Jewellery
 n - a ring of wizardry (left hand)
 v - an amulet of the acrobat (around neck)
Talismans
 c - a beast talisman
 d - a flux talisman
Scrolls
 e - a scroll of torment
 j - a scroll of fog {unknown}
 l - 6 scrolls of teleportation
 p - a scroll of poison {unknown}
 t - 2 scrolls of blinking
 u - 2 scrolls of immolation {unknown}
 y - 3 scrolls of fear
 B - a scroll of noise
Potions
 b - 2 potions of lignification
 g - a potion of enlightenment {unknown}
 h - 2 potions of curing
 k - a potion of attraction {unknown}
 o - 3 potions of heal wounds
 q - a potion of degeneration {unknown}
 A - a potion of ambrosia {unknown}
 C - a potion of cancellation {unknown}


   Skills:
 + Level 3.1 Fighting
 + Level 5.5 Dodging
 * Level 5.1 Unarmed Combat
 + Level 6.0 Shapeshifting


You had 4 spell levels left.
You knew the following spells:

 Your Spells              Type           Power      Damage    Failure   Level
a - Blink                 Tloc           0%         N/A       21%         2

Your spell library contained the following spells:

 Spells                   Type           Power      Damage    Failure   Level
 Apportation              Tloc           0%         N/A       13%         1
 Magic Dart               Conj           0%         1d3       13%         1
 Necrotise                Necr           0%         1d4       13%         1
 Sting                    Conj/Alch      0%         1d3       13%         1
 Summon Small Mammal      Summ           0%         N/A       13%         1
 Call Imp                 Summ           0%         N/A       21%         2
 Dazzling Flash           Conj/Hex       0%         N/A       36%         3
 Fugue of the Fallen      Necr           0%         N/A       36%         3
 Ozocubu's Armour         Ice            0%         N/A       36%         3
 Tukima's Dance           Hex            0%         N/A       36%         3
 Volatile Blastmotes      Fire/Tloc      0%         2d10      36%         3
 Manifold Assault         Tloc           0%         N/A       75%         4
 Passage of Golubria      Tloc           0%         N/A       75%         4
 Yara's Violent Unravell  Hex/Alch       0%         3d3       97%         5
 Starburst                Conj/Fire      0%         6d3       100%        6
 Maxwell's Capacitive Co  Air            0%         ∞         100%        8


Dungeon Overview and Level Annotations

Branches:
Dungeon (5/15)              Sewer (visited)
 Temple: D:4-7

Altars:
Cheibriados
Kikubaaqudgha
Uskayaw

Shops:
D:2 !   D:4 !

Annotations:
D:3 Jessica, Sigmund
D:5 2 runed translucent doors, Ijyb; Tinttamiau's ghost, amateur DgCj


Innate Abilities, Weirdness & Mutations

You are a hulking beast.
Your limbs bulge with bestial killing power. (Slay +3)
You are very small and have problems with some larger weapons.
You are too small for most types of armour.
You have supernaturally acute eyesight. (SInv)
You cover ground extremely quickly. (Speed+++)


Message History

Throw: 3 darts (poison)
Press: ? - help, Shift-Dir - straight line, f - Ijyb
Aim: Ijyb, wielding a +0 club, wearing a +0 scale mail and carrying a wand of mindburst (60% to hit)
You throw a poisoned dart. The poisoned dart hits Ijyb.
Ijyb is poisoned.
Throw: 2 darts (poison)
Press: ? - help, Shift-Dir - straight line, f/p - Ijyb
Aim: Ijyb, wielding a +0 club, wearing a +0 scale mail and carrying a wand of mindburst (lightly wounded, poisoned, 60% to hit)
You throw a poisoned dart. The poisoned dart hits Ijyb.
Ijyb looks even sicker.
Ijyb is lightly wounded.
Throw: dart (poison)
Press: ? - help, Shift-Dir - straight line, f/p - Ijyb
Aim: Ijyb, wielding a +0 club, wearing a +0 scale mail and carrying a wand of mindburst (moderately wounded, very poisoned, 60% to hit)
You throw a poisoned dart. The poisoned dart barely misses Ijyb.
Ijyb zaps a wand.
You resist with significant effort.
Throw: 29 stones
Press: ? - help, Q - select action, (/) - cycle Shift-Dir - straight line, f/p - Ijyb
Aim: Ijyb, wielding a +0 club, wearing a +0 scale mail and carrying a wand of mindburst (heavily wounded, very poisoned, 58% to hit)
You throw a stone. The stone closely misses Ijyb.
Ijyb zaps a wand.
Your mind is blasted!
Throw: 28 stones
Press: ? - help, Q - select action, (/) - cycle Shift-Dir - straight line, f/p - Ijyb
Aim: Ijyb, wielding a +0 club, wearing a +0 scale mail and carrying a wand of mindburst (heavily wounded, very poisoned, 60% to hit)
You throw a stone. The stone closely misses Ijyb.
Ijyb zaps a wand.
You resist with significant effort.
Throw: 27 stones
Press: ? - help, Q - select action, (/) - cycle Shift-Dir - straight line, f/p - Ijyb
Aim: Ijyb, wielding a +0 club, wearing a +0 scale mail and carrying a wand of mindburst (heavily wounded, poisoned, 60% to hit)
You throw a stone. The stone barely misses Ijyb.
Throw: 26 stones
Press: ? - help, Q - select action, (/) - cycle Shift-Dir - straight line, f/p - Ijyb
Aim: Ijyb, wielding a +0 club, wearing a +0 scale mail and carrying a wand of mindburst (heavily wounded, poisoned, 60% to hit)
You throw a stone. The stone barely misses Ijyb.
Throw: 25 stones
Press: ? - help, Q - select action, (/) - cycle Shift-Dir - straight line, f/p - Ijyb
Aim: Ijyb, wielding a +0 club, wearing a +0 scale mail and carrying a wand of mindburst (heavily wounded, poisoned, 58% to hit)
You throw a stone. The stone closely misses Ijyb.
Ijyb zaps a wand.
Your mind is blasted!
There is a stone staircase leading up here.
Ijyb zaps a wand.
Your mind is blasted!
You die...

####### ##>..##...#######.
###..##..## ##
##......##### #
###..#.....### ##.####†....
##..##..#### #......## #. #
###.#..####... ...
#####.............
.....#####............##...
.((....g..h.##....###..##
.....#########....####..###
### #.............
#....####..... #....#
####.. #....# #.. ######
###


You could see Ijyb (poisoned).

Vanquished Creatures
  An ogre (D:4)
  A scorpion (D:4)
  A bullfrog (Sewer)
  2 orc priests (D:5)
  3 hounds
  2 iguanas (D:5)
  2 orc wizards
  Robin (D:4)
  7 gnolls
  12 adders
  2 ufetubi (D:5)
  A ribbon worm (D:2)
  8 dart slugs
  14 orcs
  12 ball pythons
  4 endoplasms
  13 giant cockroaches
  11 goblins
  10 hobgoblins
  3 kobolds
  7 quokkas
  8 frilled lizards
  3 rats
128 creatures vanquished.

Vanquished Creatures (others)
  A human (D:5)
  A frilled lizard (Sewer)
2 creatures vanquished.

Grand Total: 130 creatures vanquished

Notes
Turn   | Place    | Note
-------+----------+-------------------------------------------
     0 | D:1      | AlterAsc the Spriggan Shapeshifter began the quest for the
                  | Orb.
     0 | D:1      | Reached XP level 1. HP: 9/9 MP: 2/2
   126 | D:1      | Reached skill level 1 in Fighting
   180 | D:1      | Reached XP level 2. HP: 10/14 MP: 3/3
   630 | D:2      | Reached XP level 3. HP: 10/18 MP: 4/4
   697 | D:2      | Found Fallin's Distillery.
   730 | D:2      | Bought a potion of curing for 33 gold pieces
  1491 | D:2      | Reached XP level 4. HP: 13/22 MP: 5/5
  1571 | D:2      | Found a faded altar of an unknown god.
  1718 | D:3      | Noticed Sigmund
  1922 | D:3      | Noticed Robin
  2069 | D:3      | Noticed Jessica
  2073 | D:4      | Killed Robin
  2074 | D:4      | Reached XP level 5. HP: 19/26 MP: 6/6
  2097 | D:4      | Found Enul's Distillery.
  2165 | D:4      | Found a glowing drain.
  2484 | D:4      | Reached skill level 5 in Shapeshifting
  2492 | D:4      | Noticed an ogre
  2682 | Sewer    | Entered a sewer
  3222 | Sewer    | Reached XP level 6. HP: 30/30 MP: 7/7
  4298 | D:4      | Found a snail-covered altar of Cheibriados.
  4541 | D:4      | Reached XP level 7. HP: 35/35 MP: 8/8
  4708 | D:5      | Entered Level 5 of the Dungeon
  5103 | D:4      | Reached skill level 5 in Dodging
  5375 | D:5      | Found an ancient bone altar of Kikubaaqudgha.
  5567 | D:5      | Found a hide-covered altar of Uskayaw.
  5834 | D:5      | Reached skill level 5 in Unarmed Combat
  5919 | D:5      | Found a large runed translucent door.
  5920 | D:5      | Found a large runed translucent door.
  6061 | D:5      | Learned a level 2 spell: Blink
  6089 | D:5      | Reached skill level 6 in Shapeshifting
  6101 | D:5      | Noticed Tinttamiau's ghost (amateur DgCj)
  6185 | D:5      | Noticed a human
  6186 | D:5      | Killed a human
  6231 | D:5      | Noticed Ijyb
  6244 | D:5      | Blown up by Ijyb

Illustrated notes

Levels and vault maps discovered:
D:1:      amcnicky_arrival_wind_blow, layout_rooms, serial_co_window_serial,
          co_window_of_opportunity_a, co_window_paths_a, co_window_corner_a,
          co_window_corner_a, co_window_corner_a, co_window_of_opportunity_b,
          co_window_corner_b, co_window_corner_b
D:2:      layout_loops_ring, serial_shops, shop, basic_ecumenical_altar,
          hangedman_decor_clover_reticule, grunt_ministairs_8
D:3:      layout_rooms, uniq_robin, uniq_jessica, uniq_sigmund
D:4:      layout_rooms, mainiacjoe_overflow_brackets, portal_sewer_entry_f,
          serial_shops, shop, minmay_misc_feat_hallway
D:5:      layout_rooms, nicolae_uskayaw_murder_on_the_dancefloor,
          tgw_kikubaaqudgha, ebering_ghost_disaster_area, uniq_ijyb

Skill      XL: |  1  2  3  4  5  6  7 |
---------------+----------------------+-----
Fighting       | 1 2 3 |  3.1
Dodging        | 3 4 5 |  5.5
Unarmed Combat | 3 4 5 |  5.1
Shapeshifting  | 5 6 |  6.0

Action                     |  1- 3 |  4- 6 |  7- 9 || total
---------------------------+-------+-------+-------++-------
  Melee: Unarmed           |    98 |   244 |   126 ||   468
         Punch             |     4 |     8 |     7 ||    19
  Throw: Stone             |    31 |     9 |     5 ||    45
         Dart              |       |       |     3 ||     3
    Use: Scroll            |       |     3 |     2 ||     5
   Stab: Sleeping          |     2 |     1 |     1 ||     4
 Armour: Animal skin       |    14 |    75 |    53 ||   142
         Fire dragon scale |    20 |    13 |       ||    33
  Dodge: Dodged            |    88 |   272 |   109 ||   469
